 Dungeon Crawl Stone Soup version 0.30.0-5-g1a98f26d00 (webtiles) character file.

Game seed: 15963932214373213525

141 SnakkuSnakku7 the Trooper (level 5, -1/63 HPs)
             Began as an Ogre Delver on May 10, 2023.
             Slain by a cerulean imp
             ... wielding a +0 spear
             ... summoned by Natasha
              (4 damage)
             ... on level 3 of the Dungeon.
             The game lasted 00:02:14 (725 turns).

SnakkuSnakku7 the Trooper (Ogre Delver)              Turns: 725, Time: 00:02:15

Health: -1/63      AC:  3    Str: 18    XL:     5   Next: 24%
Magic:  5/5        EV:  9    Int: 11    God:
Gold:   28         SH:  0    Dex: 10    Spells: 4/4 levels left

rFire   . . .        h - +0 flail
rCold   . . .        (no shield)
rNeg    . . .        b - +0 robe
rPois   .            (helmet restricted)
rElec   .            (no cloak)
rCorr   .            (gloves unavailable)
SInv    .            (boots unavailable)
Will    .....        (no amulet)
Stlth   ++           (no ring)
HPRegen 0.30/turn    (no ring)
MPRegen 0.09/turn

%: no passive effects
@: no status effects
A: large, unfitting armour, tough skin 1
a: no special abilities


You were on level 3 of the Dungeon.
You visited 1 branch of the dungeon, and saw 3 of its levels.

You collected 28 gold pieces.

Inventory:

Hand Weapons
 a - a +0 mace
 h - a +0 flail (weapon)
Armour
 b - a +0 robe (worn)
Wands
 g - a wand of digging (3)
Scrolls
 c - 2 scrolls of fog
 d - 2 scrolls of magic mapping
 e - a scroll of teleportation {unknown}
 f - a scroll of poison {unknown}
 j - a scroll of vulnerability {unknown}
Potions
 k - a potion of brilliance {unknown}


   Skills:
 + Level 7.6 Fighting
 - Level 1.7 Maces & Flails
 - Level 1.7 Dodging
 - Level 3.7 Stealth


You had 4 spell levels left.
You didn't know any spells.
Your spell library contained the following spells:

 Spells                   Type           Power      Damage    Failure   Level
 Dazzling Flash           Conj/Hex       0%         N/A       71%         3
 Volatile Blastmotes      Fire/Tloc      0%         2d10      71%         3
 Iskenderun's Mystic Bla  Conj/Tloc      0%         2d3       98%         4
 Starburst                Conj/Fire      0%         6d3       100%        6


Dungeon Overview and Level Annotations

Branches:
Dungeon (5/15)
 Temple: D:4-7

Altars:

Annotations:
D:3 Natasha


Innate Abilities, Weirdness & Mutations

You are too large for most types of armour.
You have tough skin. (AC +1)


Message History

The cerulean imp hits you with a +1 spear.
You barely miss Natasha.
Natasha is moderately wounded.
The cerulean imp hits you with a +0 spear.
Natasha barely misses you.
The cerulean imp hits you with a +1 spear.
Natasha claws you!
The cerulean imp hits you with a +0 spear.
You sock Natasha!
Natasha is almost dead.
The cerulean imp hits you with a +1 spear.
The cerulean imp hits you with a +0 spear.
Natasha claws you.
You closely miss Natasha.
Natasha is almost dead.
The cerulean imp hits you but does no damage.
The cerulean imp hits you with a +0 spear.
Natasha closely misses you.
The cerulean imp hits you with a +1 spear.
Unknown command.
You barely miss Natasha.
Natasha is almost dead.
The cerulean imp hits you but does no damage.
Natasha casts a spell at you. You resist with some effort.
The cerulean imp hits you with a +1 spear.
Unknown command.
You closely miss Natasha.
Natasha is almost dead.
The cerulean imp hits you with a +0 spear.
* * * LOW HITPOINT WARNING * * *
Natasha claws you!
* * * LOW HITPOINT WARNING * * *
The cerulean imp hits you with a +1 spear.
* * * LOW HITPOINT WARNING * * *
Natasha stares at you and mumbles some strange words.
The magic dart hits you.
* * * LOW HITPOINT WARNING * * *
The cerulean imp hits you with a +0 spear.
You die...

.########### ###
...........# #.#
.#....l....# #.##
...........# #..
...........# #.#
...........#####5#
...........').oh@#
..#........#####5#
###.######## #.#
... #.# #### #.#
#.# #.# #..


You could see Natasha, 2 cerulean imps and an orc.

Vanquished Creatures
  A scorpion (D:4)
  A hound (D:4)
  An orc priest (D:4)
  An adder (D:4)
  5 orcs
  A quokka (D:3)
  A frilled lizard (D:3)
  A goblin (D:4)
12 creatures vanquished.

Notes
Turn   | Place    | Note
-------+----------+-------------------------------------------
     0 | D:5      | SnakkuSnakku7 the Ogre Delver began the quest for the Orb.
     0 | D:5      | Reached XP level 1. HP: 24/24 MP: 1/1
    47 | D:5      | Noticed a howler monkey
    72 | D:5      | Noticed a jelly
   178 | D:5      | Noticed a wyvern
   253 | D:4      | Noticed a hound
   271 | D:4      | Killed a hound
   272 | D:4      | Reached skill level 5 in Fighting
   272 | D:4      | Reached XP level 2. HP: 33/35 MP: 2/2
   272 | D:4      | Reached XP level 3. HP: 39/42 MP: 3/3
   283 | D:4      | Noticed a scorpion
   292 | D:4      | Killed a scorpion
   293 | D:4      | Reached skill level 6 in Fighting
   293 | D:4      | Reached XP level 4. HP: 53/53 MP: 4/4
   307 | D:4      | Reached skill level 7 in Fighting
   324 | D:4      | Reached XP level 5. HP: 13/62 MP: 5/5
   527 | D:4      | Noticed an ogre
   600 | D:3      | Noticed Natasha
   725 | D:3      | HP: 3/63 [Natasha/magic dart (5)]
   725 | D:3      | Slain by a cerulean imp

Illustrated notes

Levels and vault maps discovered:
D:3:      layout_basic, gammafunk_ghost_cemetery, minmay_quantized,
          uniq_natasha, uniq_sigmund
D:4:      layout_cave_pools, minmay_temple_entry_glassed_door,
          minmay_misc_feat_five, amcnicky_mini_pool_small,
          corexii_item_surrounded_by_moat, kennysheep_generic_room_16
D:5:      layout_basic

Skill      XL: |  1  2  3  4 |
---------------+-------------+-----
Fighting       | 5 6 7 |  7.6
Maces & Flails | |  1.7
Dodging        | |  1.7
Stealth        | |  3.7

Action                     |  1- 3 |  4- 6 || total
---------------------------+-------+-------++-------
  Melee: Flail             |     5 |    67 ||    72
  Evoke: Wand              |     3 |     1 ||     4
    Use: Potion            |     1 |     1 ||     2
         Scroll            |     1 |       ||     1
   Stab: Paralysed         |     5 |       ||     5
 Armour: Robe              |     3 |    12 ||    15
  Dodge: Dodged            |     2 |    48 ||    50
